 Dungeon Crawl Stone Soup version 0.29-a0-845-g6161e89988 (webtiles) character file.

Game seed: 14908605631227134876

531 scionoferis the Chiller (level 7, 52/52 HPs)
             Began as a Black Draconian Ice Elementalist on July 15, 2022.
             Got out of the dungeon alive.
             The game lasted 00:15:12 (4411 turns).

scionoferis the Chiller (DrIE)                      Turns: 4411, Time: 00:15:13

Health: 52/52      AC:  7    Str:  9    XL:     7   Next: 3%
Magic:  22/22      EV: 12    Int: 15    God:
Gold:   236        SH:  0    Dex: 15    Spells: 3/14 levels left

rFire   . . .      SeeInvis .   b - +2 dagger (speed)
rCold   . . .      Faith    .   (no shield)
rNeg    . . .      Spirit   .   (body armour unavailable)
rPois   +          Reflect  .   (helmet restricted)
rElec   +          Harm     .   p - +0 cloak
rCorr   .          Rampage  .   (no gloves)
Will    .....                   (no boots)
Stlth   ++........              (no amulet)
HPRegen 0.17/turn               q - ring of poison resistance
MPRegen 0.18/turn               h - ring of magical power

@: brilliant
A: breathe lightning, AC +6, unfitting armour, electricity resistance,
cold-blooded, agile 1, dopey 1
a: Breathe Lightning


You escaped.
You visited 1 branch of the dungeon, and saw 5 of its levels.

You collected 236 gold pieces.

Inventory:

Hand Weapons
 b - a +2 dagger of speed (weapon)
 o - a +2 quarterstaff of chaos
 w - a +0 whip of electrocution
Missiles
 u - 5 poisoned darts
 x - 4 boomerangs
Armour
 p - a +0 cloak (worn)
Jewellery
 d - a ring of willpower
 h - a ring of magical power (right hand)
 q - a ring of poison resistance (left hand)
Scrolls
 l - 2 scrolls of fear
 n - a scroll of enchant weapon
 v - a scroll of magic mapping
 y - a scroll of amnesia
 z - a scroll of vulnerability
Potions
 a - a potion of magic
 k - a potion of haste


   Skills:
 + Level 1.4 Fighting
 + Level 2.4 Dodging
 - Level 2.0 Stealth
 + Level 4.0 Spellcasting
 * Level 2.0 Conjurations
 + Level 6.6 Ice Magic


You had 3 spell levels left.
You knew the following spells:

 Your Spells              Type           Power      Damage    Failure   Level
a - Freeze                Ice            100%       1d11      1%          1
b - Frozen Ramparts       Ice            68%        1d8       3%          3
c - Ozocubu's Armour      Ice            34%        N/A       3%          3
d - Hailstorm             Conj/Ice       24%        3d7       30%         4

Your spell library contained the following spells:

 Spells                   Type           Power      Damage    Failure   Level
 Ice Form                 Ice/Tmut       19%        N/A       43%         4
 Cause Fear               Hex            2%         N/A       87%         4
 Irradiate                Conj/Tmut      4%         3d13      97%         5
 Blade Hands              Tmut           2%         N/A       99%         5
 Summon Forest            Summ/Tloc      2%         N/A       99%         5
 Eringya's Noxious Bog    Tmut/Pois      2%         N/A       100%        6
 Simulacrum               Ice/Necr       9%         N/A       100%        6
 Dragon Form              Tmut           2%         N/A       100%        7
 Summon Hydra             Summ           2%         N/A       100%        7
 Dragon's Call            Summ           2%         N/A       100%        9


Dungeon Overview and Level Annotations

Branches:
Dungeon (5/15)
 Temple: D:4-7

Altars:
Makhleb


Innate Abilities, Weirdness & Mutations

You can breathe wild blasts of lightning.
Your glossy black scales are hard. (AC +6)
You cannot fit into any form of body armour.
You are resistant to electric shocks. (rElec)
You are cold-blooded and may be slowed by cold attacks.
You are agile. (Dex +4, Str/Int -1)
You are dopey. (Int -2)


Message History

Really abort (and waste the scroll)? [Y]es or [N]o only, please.
Really abort (and waste the scroll)?
Okay, then.
Okay, then.
It was a potion of berserk rage.
A red film seems to cover your vision as you go berserk!
You feel yourself moving faster!
You feel mighty!
You start waiting.
You feel a strong urge to attack something.
You start waiting.
You feel your anger nearly subside.
You start waiting.
You are no longer berserk.
You are exhausted.
You feel yourself slow down.
You start waiting.
You feel yourself speed up.
You start waiting.
You recover from your berserk rage.
It was a potion of curing.
You feel better.
It was a potion of heal wounds.
You feel much better.
It was a potion of mutation.
You feel extremely strange.
You feel stupid.
You feel agile.
It was a potion of haste.
You feel yourself speed up.
It was a potion of flight.
You feel very buoyant.
You fly up into the air.
It was a potion of cancellation.
Your magical effects are unravelling.
You feel magically purged.
You feel yourself slow down.
You float gracefully downwards.
It was a potion of brilliance.
You feel clever all of a sudden.
There is an open door here.
There is an open door here.
There is a staircase leading out of the dungeon here.
Are you sure you want to leave the Dungeon?
This will make you lose the game!
You have escaped!

# #.....P.♣.#....#..#.# #
###.....P...##'###'##.#########
###...........#.......#.#........
##............'..##+###.#.####.##
##............#..#....#.#.####'##
##.##.....P...##'#....#.#.##....#
..>....>..P.♣.#..#....#.#.##....#
#...####..P...#..#....#.#..'.....
..........P...#.@#....#.#(##.....
########..PPPP#########...####..#
...P. #................#.##.#..#
#...## #............[...#.##.#..#
##### ####...#.#########.##b#..#
#.###.# #.####..# ####.###.#
#.##..... #........# #..'.....
#.#####..# ####....#


There were no monsters in sight!

Vanquished Creatures
  Menkaure (D:4)
  2 jellies (D:4)
  3 orc priests
  Crazy Yiuf (D:2)
  An iguana (D:5)
  Terence (D:2)
  2 orc wizards (D:3)
  5 adders
  3 dart slugs
  A worm (D:3)
  8 orcs
  4 endoplasms
  5 giant cockroaches
  12 goblins
  4 hobgoblins
  2 kobolds (D:4)
  2 quokkas (D:1)
  5 ball pythons
  8 bats
  3 frilled lizards
  11 rats
84 creatures vanquished.

Notes
Turn   | Place    | Note
-------+----------+-------------------------------------------
     0 | D:1      | scionoferis the Draconian Ice Elementalist began the quest
                  | for the Orb.
     0 | D:1      | Reached XP level 1. HP: 14/14 MP: 3/3
   151 | D:1      | Reached XP level 2. HP: 19/20 MP: 5/5
  1163 | D:2      | Reached XP level 3. HP: 16/26 MP: 6/6
  1185 | D:1      | Learned a level 3 spell: Frozen Ramparts
  1319 | D:1      | Upgraded the game from 0.29-a0-841-g116ddc6ace to
                  | 0.29-a0-845-g6161e89988
  1664 | D:2      | Noticed Terence
  1676 | D:2      | Killed Terence
  1677 | D:2      | Reached skill level 5 in Ice Magic
  1677 | D:2      | Reached XP level 4. HP: 24/33 MP: 8/8
  1682 | D:2      | Learned a level 3 spell: Ozocubu's Armour
  1832 | D:2      | Found a runed translucent door.
  1833 | D:2      | Noticed Crazy Yiuf
  2150 | D:2      | Killed Crazy Yiuf
  2394 | D:3      | Reached XP level 5. HP: 28/38 MP: 9/9
  2606 | D:3      | Reached skill level 6 in Ice Magic
  3311 | D:4      | Reached XP level 6. HP: 34/45 MP: 11/11
  3410 | D:4      | Learned a level 4 spell: Hailstorm
  3430 | D:4      | Noticed Menkaure
  3455 | D:4      | Killed Menkaure
  3456 | D:4      | Reached skill level 1 in Conjurations
  3664 | D:4      | Found a burning altar of Makhleb.
  3669 | D:4      | Reached skill level 1 in Fighting
  4226 | D:5      | Entered Level 5 of the Dungeon
  4272 | D:5      | Your scales start taking on a glossy black colour.
  4272 | D:5      | Reached XP level 7. HP: 51/52 MP: 13/13
  4272 | D:5      | Gained mutation: You are resistant to electric shocks.
                  | (rElec) [Black Draconian growth]
  4388 | D:1      | Gained mutation: You are dopey. (Int -2) [potion of
                  | mutation]
  4388 | D:1      | Gained mutation: You are agile. (Dex +4, Str/Int -1)
                  | [potion of mutation]
  4411 | D:$      | Got out of the dungeon alive.

Illustrated notes

Levels and vault maps discovered:
D:1:      evilmike_arrival_home_sweet_home, layout_loops_ring, serial_aquarium,
          aquarium_bridge_long_separate [aquarium_subvault_wall,
          aquarium_subvault_bridge, aquarium_subvault_wall,
          aquarium_subvault_bridge, aquarium_subvault_bridge,
          aquarium_subvault_wall], aquarium_bridge_square
          [aquarium_subvault_bridge, aquarium_subvault_bridge,
          aquarium_subvault_window, aquarium_subvault_bridge],
          aquarium_window_fake, aquarium_window_corridor_2, aquarium_window_1,
          aquarium_window_2, aquarium_view_2c, aquarium_balcony_1b,
          aquarium_pool_five, amcnicky_mini_pool_small, minmay_surrounded
D:2:      layout_loops_ring, uniq_crazy_yiuf_cottage, uniq_terence
D:3:      layout_rooms, grunt_ministairs_9, saegor_snake_ambush
D:4:      layout_rooms, mainiacjoe_overflow_boulevard,
          kennysheep_generic_room_14, uniq_menkaure
D:5:      layout_basic

Skill      XL: |  1  2  3  4  5  6 |
---------------+-------------------+-----
Stealth        | 2 |  2.0
Dodging        | 2 |  2.4
Ice Magic      | 5 6 |  6.6
Spellcasting   | 3 4 |  4.0
Conjurations   | 2 |  2.0
Fighting       | 1 |  1.4

Action                   |  1- 3 |  4- 6 |  7- 9 || total
-------------------------+-------+-------+-------++-------
Melee: Dagger            |   119 |   138 |       ||   257
       Tailslap          |    12 |    16 |       ||    28
       Punch             |     1 |     1 |       ||     2
 Cast: Freeze            |     2 |       |       ||     2
       Frozen Ramparts   |     1 |    14 |       ||    15
       Ozocubu's Armour  |       |    11 |       ||    11
  Use: Scroll            |       |     4 |     4 ||     8
       Potion            |       |       |     8 ||     8
 Stab: Sleeping          |     9 |     6 |       ||    15
       Distracted        |       |     1 |       ||     1
Armor: Skin              |    42 |    35 |       ||    77
Dodge: Dodged            |    58 |    48 |       ||   106

Table legend: (Time is in decaauts)
 A = Elapsed time spent in this place.
 B = Non-inter-level travel time spent in this place.
 C = Inter-level travel time spent in this place.
 D = Time resting spent in this place.
 E = Time spent auto-exploring this place.
 F = Levels seen in this place.
 G = Mean time per level.
                   A        B        C        D        E       F      G
               +--------+--------+--------+--------+--------+-----+--------+
         Total |   4355 |   4066 |    289 |    346 |   2969 |   5 |  871.0 |
       Dungeon |   4355 |   4066 |    289 |    346 |   2969 |   5 |  871.0 |
               +--------+--------+--------+--------+--------+-----+--------+

Top non-repeatable levels by time:
     D:1: 1284 daAuts
     D:2: 1154 daAuts
     D:4: 981 daAuts
     D:3: 885 daAuts
     D:5: 49 daAuts
